 Dungeon Crawl Stone Soup version 0.28.0-47-ge53b351184 (webtiles) character file.

Game seed: 4924913126503173230

7 pkoi the Insei (level 1, -1/17 HPs)
             Began as a Demigod Gladiator on May 5, 2022.
             Succumbed to a goblin's poison
             ... on level 1 of the Dungeon.
             The game lasted 00:00:27 (574 turns).

pkoi the Insei (Demigod Gladiator)                   Turns: 574, Time: 00:00:28

Health: -1/17      AC:  4    Str: 15    XL:     1   Next: 66%
Magic:  3/3        EV: 12    Int: 10    God:
Gold:   0          SH:  0    Dex: 15    Spells: 0/0 levels left

rFire   . . .      SeeInvis .   d - +0 spear
rCold   . . .      Faith    .   (no shield)
rNeg    . . .      Spirit   .   a - +0 leather armour
rPois   .          Reflect  .   b - +0 helmet
rElec   .          Harm     .   (no cloak)
rCorr   .          Rampage  .   (no gloves)
Will    .....                   (no boots)
Stlth   +.........              (no amulet)
HPRegen 0.05/turn               (no ring)
MPRegen 0.08/turn               (no ring)

@: lethally poisoned (-1 -> -28)
A: high MP 1, forlorn, divine attributes
a: no special abilities


You were on level 1 of the Dungeon.
You visited 1 branch of the dungeon, and saw 1 of its levels.

Inventory:

Hand Weapons
 d - a +0 spear (weapon)
Missiles
 c - a throwing net (quivered)
Armour
 a - a +0 leather armour (worn)
 b - a +0 helmet (worn)


   Skills:
 + Level 2.0 Fighting
 - Level 1.7 Throwing
 - Level 2.6 Dodging
 * Level 3.0 Unarmed Combat


You couldn't memorise any spells.
You didn't know any spells.
Your spell library was empty.

Dungeon Overview and Level Annotations

Branches:
Dungeon (1/15)


Innate Abilities, Weirdness & Mutations

You have an increased reservoir of magic. (+10% MP)
You shall have no god before yourself.
Your divine heritage dramatically boosts your attributes as you level up.


Message History

You closely miss the goblin.
The goblin is almost dead.
The goblin closely misses you.
You hit the goblin but do no damage.
The goblin is almost dead.
The goblin barely misses you.
You closely miss the goblin.
The goblin is almost dead.
The goblin hits you but does no damage. The goblin barely misses you.
You hit the goblin.
You kill the goblin!
Your Fighting skill increases to level 2!
You closely miss the goblin. The goblin hits you but does no damage.
You are poisoned.
A rat comes into view.
You hit the goblin.
The goblin is heavily wounded.
* * * LOW HITPOINT WARNING * * *
You feel very sick.
The goblin hits you with a +0 dagger of venom.
* * * LOW HITPOINT WARNING * * *
You are more poisoned.
Throw: 3 throwing nets
Press: ? - help, Q - select action Shift-Dir - straight line, f - goblin
Aim: a goblin, wielding a +0 dagger of venom (heavily wounded, 51% to hit)
You throw a throwing net.
The throwing net closely misses the goblin.
The throwing net hits the rat.
The rat is caught in the net!
* * * LOW HITPOINT WARNING * * *
You feel very sick. The goblin hits you but does no damage.
You are more poisoned.
The rat struggles against the net.
Throw: 2 throwing nets
Press: ? - help, Q - select action Shift-Dir - straight line, f/p - goblin
Aim: a goblin, wielding a +0 dagger of venom (moderately wounded, 51% to hit)
You throw a throwing net.
The throwing net barely misses the goblin.
The throwing net hits the rat.
You die...

#.# ...g... #.# .......
#.# #..... #.# #..r.g #.#
.# #..... #.# #.# #.....
#.##########.#
##.....######..........#.#
....r..'.g@....>######.#.#
.......#########.....#.#.#
..##### #.##.##.#.#
#.##......# #.#####.#.#
#.# #.### ######.# #.#
+......# #.# #####..# #.#


You could see a goblin and a rat (caught).

Vanquished Creatures
  A dart slug (D:1)
  2 goblins (D:1)
  A ball python (D:1)
  A rat (D:1)
5 creatures vanquished.

Notes
Turn   | Place    | Note
-------+----------+-------------------------------------------
     0 | D:1      | pkoi the Demigod Gladiator began the quest for the Orb.
     0 | D:1      | Reached XP level 1. HP: 17/17 MP: 3/3
   561 | D:1      | Reached skill level 3 in Unarmed Combat
   574 | D:1      | Succumbed to a goblin's poison

Illustrated notes

Levels and vault maps discovered:
D:1:      scummos_arrival_star, layout_basic,
          hellmonk_ecumenical_altar_heavens_door

Skill      XL: |  1 |
---------------+----+-----
Unarmed Combat | 3 |  3.0
Fighting       | 2 |  2.0
Throwing       | |  1.7
Dodging        | |  2.6

Action                   || total
-------------------------++-------
Melee: Spear             ||    14
       Unarmed           ||    14
Throw: Throwing net      ||     2
Armor: Leather armour    ||     9
Dodge: Dodged            ||    13
